 Dungeon Crawl Stone Soup version 0.30-a0-364-gf6b3ef1049 (webtiles) character file.

Game seed: 16332931608011774815

1007 Xeen the Sneak (level 8, -3/36 HPs)
             Began as a Spriggan Enchanter on Nov 15, 2022.
             Slain by Eustachio
             ... wielding a +0 rapier
              (7 damage)
             ... on level 5 of the Dungeon.
             The game lasted 00:12:45 (5728 turns).

Xeen the Sneak (Spriggan Enchanter)                 Turns: 5728, Time: 00:12:45

Health: -3/36      AC:  3    Str:  4    XL:     8   Next: 0%
Magic:  12/20      EV: 17    Int: 17    God:
Gold:   2108       SH:  0    Dex: 17    Spells: 10/21 levels left

rFire   . . .      SeeInvis +    k - +1 dagger (venom)
rCold   . . .      Faith    .    (no shield)
rNeg    . . .      Spirit   .    b - +1 robe
rPois   .          Reflect  .    (helmet restricted)
rElec   .          Harm     .    (no cloak)
rCorr   +          Rampage  .    (gloves unavailable)
Will    ++...                    (boots unavailable)
Stlth   ++++......               (no amulet)
HPRegen 0.26/turn                f - ring of resist corrosion
MPRegen 0.17/turn                j - ring of willpower

@: very slightly contaminated, very quick
A: very small, no large weapons, unfitting armour, see invisible, speed 3
a: no special abilities


You were on level 5 of the Dungeon.
You visited 1 branch of the dungeon, and saw 5 of its levels.

You collected 2164 gold pieces.
You spent 56 gold pieces at shops.

Inventory:

Hand Weapons
 a - a +1 vampiric dagger
 k - a +1 dagger of venom (weapon)
Armour
 b - a +1 robe (worn)
Jewellery
 f - a ring of resist corrosion (left hand)
 j - a ring of willpower (right hand)
Potions
 c - 2 potions of invisibility
 d - 3 potions of curing
 e - a potion of haste
 g - 3 potions of flight
 h - a potion of lignification
 i - a potion of cancellation {unknown}


   Skills:
 - Level 1.1 Short Blades
 - Level 2.6 Dodging
 + Level 7.9 Stealth
 + Level 7.4 Spellcasting
 + Level 7.9 Hexes


You had 10 spell levels left.
You knew the following spells:

 Your Spells              Type           Power      Damage    Failure   Level
a - Ensorcelled Hibernat  Hex/Ice        38%        N/A       3%          2
b - Tukima's Dance        Hex            33%        N/A       1%          3
c - Dazzling Flash        Conj/Hex       38%        N/A       7%          3
d - Confusing Touch       Hex            33%        N/A       1%          3

Your spell library contained the following spells:

 Spells                   Type           Power      Damage    Failure   Level
 Portal Projectile        Hex/Tloc       38%        N/A       7%          3
 Leda's Liquefaction      Hex/Erth       9%         N/A       22%         4
 Call Canine Familiar     Summ           6%         N/A       32%         3


Dungeon Overview and Level Annotations

Branches:
Dungeon (5/15)
 Temple: D:4-7

Altars:
Gozag
Qazlal
The Shining One

Shops:
D:1 *

Annotations:
D:5 Eustachio


Innate Abilities, Weirdness & Mutations

You are very small and have problems with some larger weapons.
You are too small for most types of armour.
You have supernaturally acute eyesight. (SInv)
You cover ground extremely quickly. (Speed+++)


Message History

Confirm with . or Enter, or press ? or * to list all spells.
Aiming: Ensorcelled Hibernation (safe; 3% risk of failure)
Press: ? - help, Shift-Dir - straight line, f/p - Eustachio
Aim: Eustachio, wielding a +0 rapier and wearing a +0 leather armour (chance to affect: 51%)
You miscast Ensorcelled Hibernation.
You are very lightly contaminated with residual magic.
Nothing appears to happen.
The hound barely misses you. The shadow imp gestures at you.
You resist with almost no effort. Eustachio closely misses you.
The hound bites you.
Casting: Ensorcelled Hibernation (safe; 3% risk of failure)
Confirm with . or Enter, or press ? or * to list all spells.
Aiming: Ensorcelled Hibernation (safe; 3% risk of failure)
Press: ? - help, Shift-Dir - straight line, f/p - Eustachio
Aim: Eustachio, wielding a +0 rapier and wearing a +0 leather armour (chance to affect: 51%) Eustachio resists with significant effort.
The hound bites you but does no damage. The shadow imp closely misses you.
The white imp gestures at you. The puff of frost hits you.
Eustachio casts a spell.
Casting: Ensorcelled Hibernation (safe; 3% risk of failure)
Confirm with . or Enter, or press ? or * to list all spells.
Aiming: Ensorcelled Hibernation (safe; 3% risk of failure)
Press: ? - help, Shift-Dir - straight line, f/p - Eustachio
Aim: Eustachio, wielding a +0 rapier and wearing a +0 leather armour (chance to affect: 51%) Eustachio looks drowsy...
The hound misses you.
The shadow imp hits you but does no damage.
The hound bites you but does no damage.
The helpless Eustachio fails to defend himself.
You impale Eustachio!!
Eustachio is almost dead.
You kill the hound!
The shadow imp hits you.
* * * LOW HITPOINT WARNING * * *
The white imp hits you.
* * * LOW HITPOINT WARNING * * *
The white imp freezes you.
* * * LOW HITPOINT WARNING * * *
Eustachio hits you with a +0 rapier!
You die...

...............
...............
)...........>.
####
............#
...#
............#
...#
.........$..#
)..#
..........@5#
...#
.........r5@##
...#
.............##
...#
#########.##..#
...#
#.........#
...#
##.######..#
...# ##..# ..#
...# #...## .##
...# #.#..# .#
...#####.#.##
.#


You could see Eustachio, a white imp (summoned), a shadow imp (summoned) and a
quokka (summoned).

Vanquished Creatures
  Grinder (D:4)
  4 scorpions (D:4)
  A hound (D:5)
  An orc priest (D:4)
  An iguana (D:4)
  Jessica (D:2)
  3 orc wizards (D:4)
  Robin (D:3)
  4 gnolls (D:3)
  2 adders (D:3)
  2 worms
  A dart slug (D:2)
  3 orcs (D:4)
  4 endoplasms
  4 giant cockroaches
  38 hobgoblins
  4 quokkas
  11 ball pythons
  6 bats
  3 frilled lizards
  37 goblins
  10 kobolds
  7 rats
149 creatures vanquished.

Vanquished Creatures (collateral kills)
  Sigmund (D:2)
  A gnoll (D:3)
  An orc (D:4)
  A goblin (D:3)
  A kobold (D:3)
5 creatures vanquished.

Grand Total: 154 creatures vanquished

Notes
Turn   | Place    | Note
-------+----------+-------------------------------------------
     0 | D:1      | Xeen the Spriggan Enchanter began the quest for the Orb.
     0 | D:1      | Reached XP level 1. HP: 9/9 MP: 5/5
   107 | D:1      | Found Hiweshuo's Assorted Antiques.
   161 | D:1      | Reached XP level 2. HP: 7/13 MP: 7/7
   394 | D:1      | Learned a level 2 spell: Ensorcelled Hibernation
   672 | D:1      | Reached XP level 3. HP: 16/16 MP: 9/9
   676 | D:1      | Learned a level 3 spell: Tukima's Dance
   680 | D:1      | Learned a level 3 spell: Confusing Touch
  1286 | D:1      | Bought a fuming dark potion for 18 gold pieces
  1286 | D:1      | Bought a scroll labelled TITHRIW KUFU for 20 gold pieces
  1286 | D:1      | Bought a sapphire potion for 18 gold pieces
  1369 | D:2      | Identified 2 scrolls of acquirement
  1369 | D:2      | Acquired 757 gold pieces
  1373 | D:2      | Acquired 695 gold pieces
  1383 | D:2      | Noticed Sigmund
  1392 | D:2      | Killed Sigmund
  1393 | D:2      | Reached skill level 5 in Spellcasting
  1393 | D:2      | Reached XP level 4. HP: 20/21 MP: 3/12
  1393 | D:2      | Reached XP level 5. HP: 23/24 MP: 3/13
  1668 | D:2      | Noticed Jessica
  1675 | D:2      | Killed Jessica
  1894 | D:3      | Identified the +0 helmet "Hargh" {Will+ rCorr}
  1894 | D:3      | Noticed Robin
  1934 | D:3      | Killed Robin
  1954 | D:3      | Reached XP level 6. HP: 17/28 MP: 12/15
  2394 | D:3      | Learned a level 3 spell: Dazzling Flash
  2634 | D:3      | Found a faded altar of an unknown god.
  2913 | D:3      | Reached skill level 5 in Stealth
  4015 | D:3      | Found a glowing golden altar of the Shining One.
  4022 | D:3      | Found an opulent altar of Gozag.
  4624 | D:4      | Found a stormy altar of Qazlal.
  4667 | D:4      | Reached XP level 7. HP: 26/32 MP: 3/17
  4937 | D:4      | Noticed Grinder
  4950 | D:4      | Killed Grinder
  5330 | D:4      | Acquired 364 gold pieces
  5553 | D:4      | Reached XP level 8. HP: 18/36 MP: 10/20
  5678 | D:5      | Entered Level 5 of the Dungeon
  5712 | D:5      | Noticed Eustachio
  5728 | D:5      | Slain by Eustachio

Illustrated notes

Levels and vault maps discovered:
D:1:      matt_arrival_refuge, layout_rooms, serial_shops, shop,
          hangedman_feature_mirror
D:2:      layout_loops_ring, uniq_jessica, uniq_sigmund
D:3:      minmay_goblin_kobold_castle, layout_loops_ring, minitemple,
          ebering_ecumenical_altar_hall, lemuel_flame_loot_1, uniq_robin
D:4:      minmay_door_path, layout_rooms, mainiacjoe_overflow_alcove_4,
          grunt_ministairs_2, uniq_grinder
D:5:      cheibrodos_thug_alley, layout_basic,
          mainiacjoe_overflow_concentric_impassable, gup_sewer_entry_bowl,
          uniq_eustachio, uniq_pikel, uniq_crazy_yiuf_cottage

Skill      XL: |  1  2  3  4  5  6  7 |
---------------+----------------------+-----
Spellcasting   | 3 5 6 7 |  7.4
Hexes          | 4 6 7 |  7.9
Stealth        | 6 7 |  7.9
Short Blades   | |  1.1
Dodging        | |  2.6

Action                   |  1- 3 |  4- 6 |  7- 9 || total
-------------------------+-------+-------+-------++-------
Melee: Dagger            |   157 |   349 |    53 ||   559
       Punch             |       |     4 |       ||     4
 Cast: Ensorcelled Hiber |     7 |    27 |    18 ||    52
       Tukima's Dance    |     1 |     9 |       ||    10
       Confusing Touch   |     1 |     1 |     1 ||     3
       Dazzling Flash    |       |     1 |       ||     1
  Use: Scroll            |     4 |     3 |     5 ||    12
       Potion            |       |     1 |     1 ||     2
 Stab: Sleeping          |    13 |    18 |    12 ||    43
       Distracted        |       |     2 |       ||     2
       Invisible         |       |     1 |       ||     1
       Confused          |       |       |     2 ||     2
Armor: Robe              |    11 |    43 |    11 ||    65
Dodge: Dodged            |   113 |   347 |    42 ||   502

Table legend: (Time is in decaauts)
 A = Elapsed time spent in this place.
 B = Non-inter-level travel time spent in this place.
 C = Inter-level travel time spent in this place.
 D = Time resting spent in this place.
 E = Time spent auto-exploring this place.
 F = Levels seen in this place.
 G = Mean time per level.
                   A        B        C        D        E       F      G
               +--------+--------+--------+--------+--------+-----+--------+
         Total |   4339 |   4235 |    104 |    265 |   2769 |   5 |  867.8 |
       Dungeon |   4339 |   4235 |    104 |    265 |   2769 |   5 |  867.8 |
               +--------+--------+--------+--------+--------+-----+--------+

Top non-repeatable levels by time:
     D:3: 2092 daAuts
     D:4: 807 daAuts
     D:2: 748 daAuts
     D:1: 656 daAuts
     D:5: 34 daAuts
